 Dungeon Crawl Stone Soup version 0.16-a0-286-g6bac339 (webtiles) character file.

2019 Monunkul the Ducker (level 9, -4/78 HPs)
             Began as a Minotaur Berserker on Aug 28, 2014.
             Was an Elder of Trog.
             Slain by a killer bee (5 damage)
             ... on Level 8 of the Dungeon.
             The game lasted 00:39:58 (5803 turns).

Monunkul the Ducker (Minotaur Berserker)            Turns: 5803, Time: 00:39:59

HP  -4/78        AC  7     Str 22      XL: 9   Next:  3%
MP   4/4         EV  8     Int  7      God: Trog [****..]
Gold 330         SH 14     Dex 10      Spells:  0 memorised,  8 levels left

rFire  . . .     SeeInvis +     D - +8 trident "Dragon's Tongue" {pierce, rPois rN+}
rCold  . . .     Clarity  .     h - +0 ring mail
rNeg   + . .     rCorr    .     y - +0 large shield
rPois  +         rRot     .     (helmet restricted)
rElec  .         Spirit   .     (no cloak)
SustAb +         Warding  .     e - +0 pair of gloves
rMut   .         Stasis   .     (no boots)
Gourm  .                        (no amulet)
MR     .....                    k - ring of see invisible
                                b - ring of sustain abilities

@: lethally poisoned, not resistant to hostile enchantments, very unstealthy
A: retaliatory headbutt, horns 2
a: Burn Spellbooks, Berserk, Trog's Hand, Brothers in Arms, Renounce Religion


You were on level 8 of the Dungeon.
You worshipped Trog.
Trog was greatly pleased with you.
You were not hungry.

You visited 1 branch of the dungeon, and saw 8 of its levels.

You collected 426 gold pieces.
You spent 96 gold pieces at shops.

Inventory:

Hand weapons
 d - a +1 hand axe of freezing
 D - the +8 trident "Dragon's Tongue" (weapon) {pierce, rPois rN+}
   (You found it on level 6 of the Dungeon)

   It inflicts extra damage upon your enemies.
   It protects you from poison.
   It protects you from negative energy.
Armour
 e - a +0 pair of gloves (worn)
 h - a +0 ring mail (worn)
 y - a +0 large shield (worn)
Magical devices
 q - a wand of digging (11)
 w - a wand of polymorph (2)
Comestibles
 c - 3 bread rations
 s - 3 meat rations
 G - a royal jelly
Scrolls
 a - a scroll of noise {unknown}
 f - 3 scrolls of enchant weapon
 i - a scroll of enchant armour
 r - 4 scrolls of teleportation
 A - a scroll of summoning {unknown}
 C - 5 scrolls of identify
 E - a scroll of fog {unknown}
 F - 3 scrolls of remove curse
 I - 3 scrolls of fear
 J - a scroll of vulnerability {unknown}
Jewellery
 b - a ring of sustain abilities (left hand)
 k - a ring of see invisible (right hand)
 z - the ring "Jenacw" {rElec rPois, unknown}
   (You took it off an orc wizard on level 4 of the Dungeon)

   [ring of poison resistance]

   It insulates you from electricity.
   It protects you from poison.
 B - the ring "Fihag" {rC+ Slay+5, unknown}
   (You found it on level 5 of the Dungeon)

   [ring of protection from cold]

   It affects your accuracy and damage with ranged weapons and melee attacks
   (+5).
   It protects you from cold.
Potions
 g - a potion of resistance {unknown}
 j - 2 potions of invisibility {unknown}
 l - a potion of might {unknown}
 m - 2 potions of brilliance {unknown}
 n - a potion of degeneration {unknown}
 o - 5 potions of curing
 p - a potion of heal wounds
 t - a potion of cancellation {unknown}
 u - a potion of haste {unknown}
 v - a potion of poison {unknown}
 x - 2 potions of agility {unknown}
 H - a potion of restore abilities {unknown}


   Skills:
 + Level 6.9 Fighting
 - Level 6.1(6.8) Axes
 + Level 4.6(6.1) Polearms
 + Level 6.2 Armour
 + Level 7.0 Dodging
 - Level 1.0 Stealth
 + Level 4.7 Shields


You had 8 spell levels left.
You didn't know any spells.

Dungeon Overview and Level Annotations

Branches:
Dungeon (8/15)             Temple (0/1) D:5
   Lair: D:8-11

Altars:
Cheibriados
Dithmenos
Makhleb
Nemelex Xobeh
Okawaru
Vehumet
The Shining One

Shops:
D:4 *


Innate Abilities, Weirdness & Mutations

You reflexively headbutt those who attack you in melee.
You have a pair of horns on your head.


Message History

You climb downwards.
* * * LOW HITPOINT WARNING * * *
You feel very sick. The killer bee barely misses you.
You block the killer bee's attack. The killer bee stings you.
* * * LOW HITPOINT WARNING * * *
You block the killer bee's attack.
The killer bee stings you but does no damage.
There is a stone staircase leading up here.
Unknown command.
* * * LOW HITPOINT WARNING * * *
You feel sick. The killer bee stings you.
* * * LOW HITPOINT WARNING * * *
The killer bee stings you.
* * * LOW HITPOINT WARNING * * *
You block the killer bee's attack. x2
The killer bee stings you.
* * * LOW HITPOINT WARNING * * *
You block the killer bee's attack. The killer bee stings you.
You die...

.......$...!#
.......>.....#
.$...........#
...........#
#.......##
##+##........#
#.......##......
#.....Zy## ###
#.....yy@#
#......yy#
+........#
##+##....#
#....# .....#
......# #.....
.#.


You could see 5 killer bees and a two-headed ogre zombie.

Vanquished Creatures
  A hungry ghost (D:7)
  Edmund (D:5)
  The ghost of Kashira the Gusty, an average TeAE (D:4)
  A black bear (D:7)
  A phantom (D:4)
  A yellow wasp (D:7)
  2 centaurs
  3 giant frogs
  A water moccasin zombie (D:6)
  The ghost of vagafalse the Skirmisher, a weakling HOFi (D:3)
  4 crimson imps
  A centaur skeleton (D:5)
  3 hounds
  A gnoll shaman (D:4)
  3 orc priests
  5 orc wizards
  An iguana (D:7)
  3 worker ants
  A hound skeleton (D:7)
  Terence (D:2)
  A mummy (D:7)
  3 gnolls (D:4)
  A worker ant zombie (D:7)
  6 adders
  A shadow imp (D:4)
  2 giant mites
  An inept feature mimic (D:5)
  2 worms
  An adder skeleton (D:4)
  4 giant geckos
  21 orcs
  4 ball pythons
  12 bats
  2 bat skeletons
  2 giant cockroaches
  A gnoll zombie (D:6)
  14 goblins
  16 hobgoblins
  11 kobolds
  4 quokkas
  A giant gecko skeleton (D:4)
  5 giant newts
  A goblin skeleton (D:4)
  2 hobgoblin skeletons
  A quokka zombie (D:4)
  8 rats
  A butterfly (D:5)
164 creatures vanquished.

Vanquished Creatures (collateral kills)
  A killer bee (D:8)
1 creature vanquished.

Vanquished Creatures (others)
  A black bear (D:8)
1 creature vanquished.

Grand Total: 166 creatures vanquished

Notes
Turn   | Place    | Note
--------------------------------------------------------------
     0 | D:1      | Monunkul, the Minotaur Berserker, began the quest for the Orb.
     0 | D:1      | Reached XP level 1. HP: 19/19 MP: 1/1
   197 | D:1      | Reached XP level 2. HP: 14/27 MP: 1/1
   201 | D:1      | Reached skill level 1 in Axes
   242 | D:1      | Reached skill level 4 in Fighting
   439 | D:2      | Acquired Trog's second power
   485 | D:2      | Reached XP level 3. HP: 25/34 MP: 2/2
   629 | D:2      | Noticed Terence
   641 | D:2      | Killed Terence
   691 | D:2      | Found a shadowy altar of Dithmenos.
  1170 | D:3      | Reached XP level 4. HP: 28/41 MP: 2/2
  1288 | D:3      | Found a burning altar of Makhleb.
  1536 | D:3      | Noticed vagafalse's ghost (weakling HOFi)
  1545 | D:3      | Killed vagafalse's ghost
  1545 | D:3      | Reached XP level 5. HP: 45/47 MP: 2/2
  1919 | D:4      | Noticed Kashira's ghost (average TeAE)
  1929 | D:4      | Killed Kashira's ghost
  1929 | D:4      | Reached skill level 5 in Fighting
  2084 | D:4      | Reached XP level 6. HP: 37/56 MP: 3/3
  2092 | D:4      | Found a snail-covered altar of Cheibriados.
  2187 | D:4      | Found a sparkling altar of Nemelex Xobeh.
  2189 | D:4      | Found a glowing golden altar of the Shining One.
  2190 | D:4      | Found a radiant altar of Vehumet.
  2377 | D:4      | Found Pyfaga's Assorted Antiques.
  2455 | D:4      | Reached skill level 1 in Stealth
  2734 | D:4      | Bought a scroll of identify for 48 gold pieces
  2734 | D:4      | Bought a scroll of identify for 48 gold pieces
  2905 | D:4      | Reached XP level 7. HP: 60/61 MP: 3/3
  3153 | D:4      | Reached skill level 5 in Armour
  3276 | D:4      | Got a vibrating silver ring
  3481 | D:5      | Entered Level 5 of the Dungeon
  3651 | D:5      | Acquired Trog's third power
  3654 | D:5      | Reached skill level 5 in Axes
  3654 | D:5      | Reached skill level 5 in Dodging
  3788 | D:5      | Noticed Edmund
  3823 | D:5      | Reached skill level 1 in Shields
  4019 | D:5      | Found a staircase to the Ecumenical Temple.
  4096 | D:5      | Killed Edmund
  4249 | D:5      | Got a shimmering tin ring
  4347 | D:5      | Reached XP level 8. HP: 70/70 MP: 3/3
  4428 | D:6      | Reached skill level 6 in Axes
  4432 | D:6      | Got a pitted trident
  4434 | D:6      | Identified the +8 trident "Dragon's Tongue" {pierce, rPois rN+} (You found it on level 6 of the Dungeon)
  4514 | D:6      | Found an iron altar of Okawaru.
  4875 | D:7      | Received a gift from Trog
  5574 | D:7      | Reached skill level 7 in Dodging
  5574 | D:7      | Reached XP level 9. HP: 64/78 MP: 4/4
  5803 | D:8      | HP: 1/78 [killer bee (4)]
  5803 | D:8      | Slain by a killer bee

Action                   |  1- 3 |  4- 6 |  7- 9 || total
-------------------------+-------+-------+-------++-------
Melee: Hand axe          |    75 |   113 |   144 ||   332
       Trident           |       |       |    92 ||    92
Invok: Berserk           |       |     4 |       ||     4
       Trog's Hand       |       |     1 |     3 ||     4
       Burn Spellbooks   |       |       |     1 ||     1
       Brothers in Arms  |       |       |     1 ||     1
Evoke: Wand              |       |     2 |       ||     2
  Use: Scroll            |     1 |     6 |     2 ||     9
       Potion            |       |       |     1 ||     1
  Eat: Bread ration      |     1 |       |     2 ||     3
       Beef jerky        |       |     1 |       ||     1
       Meat ration       |       |     1 |     1 ||     2
